 Dungeon Crawl Stone Soup version 0.22.0 (webtiles) character file.

723 troglodite the Skirmisher (level 7, -1/55 HPs)
             Began as a Demonspawn Berserker on Aug 10, 2018.
             Was a Believer of Trog.
             Slain by a worm (5 damage)
             ... on level 4 of the Dungeon.
             The game lasted 00:08:10 (3071 turns).

troglodite the Skirmisher (Demonspawn Berserker)    Turns: 3071, Time: 00:08:13

Health: -1/55      AC:  7    Str: 17    XL:     7   Next: 43%
Magic:  0/7        EV: 20    Int: 10    God:    Trog [**....]
Gold:   268        SH:  0    Dex: 20    Spells: 6/6 levels left

rFire    . . .     SeeInvis .   a - +0 falchion
rCold    . . .     Gourm    .   (no shield)
rNeg     + . .     Faith    .   b - +0 animal skin
rPois    .         Spirit   +   (no helmet)
rElec    .         Reflect  .   (no cloak)
rCorr    .         Harm     .   t - +0 pair of gloves
MR       .....                  (no boots)
Stlth    +++.......             d - amulet of regeneration
HPRegen  0.58/turn              e - +2 ring of intelligence
MPRegen  0.10/turn              n - ring of positive energy

@: agile, berserk cooldown, flying, slowed, very slow
A: iridescent scales 2, magic shield
a: Berserk, Trog's Hand, Renounce Religion


You were on level 4 of the Dungeon.
You worshipped Trog.
Trog was pleased with you.
You were very hungry.

You visited 1 branch of the dungeon, and saw 4 of its levels.

You collected 268 gold pieces.

Inventory:

Hand Weapons
 a - a +0 falchion (weapon)
Armour
 b - a +0 animal skin (worn)
 t - a +0 pair of gloves (worn)
Jewellery
 d - an amulet of regeneration (around neck)
 e - a +2 ring of intelligence (left hand)
 n - a ring of positive energy (right hand)
Wands
 u - a wand of polymorph (12)
Scrolls
 k - a scroll of random uselessness {unknown}
 l - 3 scrolls of identify {unknown}
 m - a scroll of blinking {unknown}
 s - a scroll of fog {unknown}
Potions
 f - a potion of haste {unknown}
 g - a potion of mutation {unknown}
 h - 3 potions of curing
 i - a potion of brilliance {unknown}
 j - a potion of agility
 o - a potion of flight
 p - 2 potions of degeneration {unknown}
 q - a potion of berserk rage {unknown}
Comestibles
 c - 7 rations
 r - 3 chunks of flesh


   Skills:
 * Level 4.7 Fighting
 + Level 4.6 Long Blades
 * Level 3.1 Armour
 * Level 4.6 Dodging
 + Level 2.0 Stealth


You had 6 spell levels left.
You didn't know any spells.
Your spell library was empty.

Dungeon Overview and Level Annotations

Branches:
Dungeon (4/15)
 Temple: D:4-7

Altars:
Hepliaklqana
Qazlal
Xom


Innate Abilities, Weirdness & Mutations

You are mostly covered in iridescent scales. (AC +4)
When hurt, damage is shared between your health and your magic reserves.


Message History

The iguana bites you!
* * * LOW HITPOINT WARNING * * *
It was a potion of curing.
You feel better. The iguana bites you.
* * * LOW HITPOINT WARNING * * *
The worm barely misses you.
You riposte.
You hit the worm.
The worm is moderately wounded.
The freed slave hits the iguana but does no damage.
It was a potion of agility.
You feel agile all of a sudden. The iguana barely misses you.
The freed slave closely misses the iguana.
The iguana closely misses you. The worm bites you but does no damage.
It was a potion of flight.
You feel very buoyant.
You fly up into the air.
The freed slave barely misses the iguana.
The iguana bites you.
* * * LOW HITPOINT WARNING * * *
The worm bites you.
You die...

#.# #.# ....... #.#
....... #.##### ......
.. #.....#### ##...#
... #.###....##
#....##...
#.#....#..####....#....
#.....###...##.p..'....
#..⌠..## ##...@l...#
#...... ##..###w)..#
#.......#..#####...#
#...P≈≈P....#..##.?.##
.....PP..............#
.................#
.................#
#......#........##
'......##.......#


You could see a worm, an iguana and a neutral freed slave (wandering).

Vanquished Creatures
  Pikel (D:4)
  A bullfrog (D:4)
  An orc wizard (D:4)
  A centaur skeleton (D:4)
  Jessica (D:2)
  Natasha (twice) (D:4)
  2 adders (D:3)
  2 oozes
  A worm (D:4)
  A dart slug (D:4)
  A leopard gecko (D:4)
  4 orcs
  6 giant cockroaches
  4 goblins
  9 hobgoblins
  6 jackals
  3 ball pythons
  6 bats
  3 frilled lizards
  6 kobolds
  6 rats
67 creatures vanquished.

Notes
Turn   | Place    | Note
-------+----------+-------------------------------------------
     0 | D:1      | troglodite the Demonspawn Berserker began the quest for the Orb.
     0 | D:1      | Reached XP level 1. HP: 18/18 MP: 1/1
   325 | D:1      | Noticed an ogre
   325 | D:1      | Noticed an ogre
   325 | D:1      | Noticed an ogre
   328 | D:1      | Noticed an ogre
   433 | D:1      | Gained mutation: You are partially covered in iridescent scales. (AC +2) [demonic ancestry]
   433 | D:1      | Reached XP level 2. HP: 23/24 MP: 2/2
  1132 | D:1      | Gained mutation: You are mostly covered in iridescent scales. (AC +4) [demonic ancestry]
  1132 | D:1      | Reached XP level 3. HP: 29/29 MP: 3/3
  1405 | D:2      | Noticed Jessica
  1415 | D:2      | Killed Jessica
  1419 | D:2      | Reached XP level 4. HP: 37/37 MP: 4/4
  1572 | D:2      | Found a stormy altar of Qazlal.
  1578 | D:2      | Noticed a fire elemental
  1579 | D:2      | Noticed an air elemental
  1579 | D:2      | Noticed a water elemental
  1579 | D:2      | Noticed an earth elemental
  1590 | D:2      | Reached ** piety under Trog
  2194 | D:3      | Found a hazy altar of Hepliaklqana.
  2195 | D:3      | Found a shimmering altar of Xom.
  2195 | D:3      | Noticed a hell beast
  2196 | D:3      | Noticed a spectral ugly thing
  2196 | D:3      | Noticed a hell beast
  2544 | D:4      | Reached XP level 5. HP: 42/42 MP: 5/5
  2592 | D:4      | Noticed Natasha
  2605 | D:4      | Killed Natasha
  2605 | D:4      | Reached skill level 1 in Stealth
  2825 | D:4      | Noticed Natasha
  2837 | D:4      | Killed Natasha
  2930 | D:4      | Reached XP level 6. HP: 31/48 MP: 6/6
  3047 | D:4      | Noticed Pikel
  3048 | D:4      | Noticed a slave
  3048 | D:4      | Noticed a slave
  3049 | D:4      | Noticed a slave
  3061 | D:4      | Killed Pikel
  3061 | D:4      | Gained mutation: When hurt, damage is shared between your health and your magic reserves. [demonic ancestry]
  3061 | D:4      | Reached XP level 7. HP: 41/55 MP: 7/7
  3068 | D:4      | HP: 2/55 [iguana (8)]
  3071 | D:4      | Slain by a worm

Skill      XL: |  1  2  3  4  5  6 |
---------------+-------------------+-----
Dodging        | 2 3 4 |  4.6
Long Blades    | 3 4 |  4.6
Armour         | 2 3 |  3.1
Fighting       | 4 |  4.7
Stealth        | 1 2 |  2.0

Action                   |  1- 3 |  4- 6 |  7- 9 || total
-------------------------+-------+-------+-------++-------
Melee: Falchion          |   103 |   125 |     3 ||   231
Invok: Berserk           |     3 |     3 |       ||     6
  Use: Potion            |       |       |     3 ||     3
 Stab: Sleeping          |     1 |     4 |       ||     5
  Eat: Chunk             |     4 |     8 |       ||    12
Armor: Animal skin       |    32 |    42 |     2 ||    76
Dodge: Dodged            |    71 |    98 |     4 ||   173
       Rpst.: Falchion   |    27 |    39 |     1 ||    67
